[Event "Early-Titled-Tuesday-Blitz-April-23-2024"]
[Site "Chess.com"]
[Date "2024.04.23"]
[Round "10"]
[White "SharapovEvgeny"]
[Black "KhazhatulyAlikhan"]
[Result "0-1"]
[WhiteElo "2619"]
[BlackElo "2500"]
[TimeControl "180+1"]
[EndTime "9:58:21 PDT"]
[Termination "KhazhatulyAlikhan won by resignation"]

1. b3 d5 2. Bb2 Nf6 3. f4 g6 4. Nf3 Bg7 5. e3 O-O 6. Be2 c5 7. O-O Qc7 8. Ne5 Rd8 9. d3 Nfd7 10. d4 Nxe5 11. fxe5 Bh6 12. Rf3 Bf5 13. c3 Nc6 14. Nd2 cxd4 15. exd4 b5 16. h3 Qb6 17. g4 Be4 18. Nxe4 dxe4 19. Rf1 b4 20. Bc4 Nxe5 21. Qe2 bxc3 22. Bxc3 Bg7 23. Qxe4 Nxc4 24. bxc4 Bxd4+ 25. Bxd4 Rxd4 26. Qf3 Rf4+ 0-1

[Event "Early-Titled-Tuesday-Blitz-April-23-2024"]
[Site "Chess.com"]
[Date "2024.04.23"]
[Round "10"]
[White "northridgehawk"]
[Black "shirovin"]
[Result "0-1"]
[WhiteElo "2306"]
[BlackElo "2066"]
[TimeControl "180+1"]
[EndTime "9:58:21 PDT"]
[Termination "shirovin won on time"]

1. e4 Nf6 2. Nc3 d5 3. e5 Nfd7 4. d4 e6 5. Nf3 c5 6. dxc5 Nxc5 7.
Bf4 Nc6 8. Bd3 Nxd3+ 9. cxd3 d4 10. Ne4 Be7 11. O-O O-O 12. Rc1 Bd7 13. h3 Rc8 14. a3 Qb6 15. Qd2 Na5 0-1

[Event "Early-Titled-Tuesday-Blitz-April-23-2024"]
[Site "Chess.com"]
[Date "2024.04.23"]
[Round "10"]
[White "Stanbad1"]
[Black "szachuspl"]
[Result "1-0"]
[WhiteElo "2646"]
[BlackElo "2530"]
[TimeControl "180+1"]
[EndTime "9:58:25 PDT"]
[Termination "Stanbad1 won by resignation"]

1. d4 Nf6 2. Nc3 d5 3. Bf4 c5 4. e4 Nxe4 5. Nxe4 dxe4 6. dxc5 Qxd1+ 7. Rxd1 Nc6 8. Bc4 e5 9. Be3 f5 10. g3 Be7 11. Ne2 Bd7 12. Nc3 O-O-O 13. O-O g5 14. Nd5 f4 15. Bd2 Bxc5 16. b4 Bd6 17. Bc3 Bh3 18. Rfe1 Nd4 19. Bxd4 exd4 20. Rxe4 Rhe8 21. Rexd4 Bxb4 22. Bf1 Bxf1 23. Kxf1 Bc5 24. R4d3 fxg3 25. hxg3 b6 26. Nf6 Rxd3 27. cxd3 Re7 28. d4 Bd6 29. Rc1+ Kb7 30. Rc3 b5 31. Rb3 Kb6 32. Nd5+ Kc6 33. Nxe7+ Bxe7 34. Re3 Bd6 35. Re8 a5 36.
Rh8 Kd5 37. Rxh7 a4 38. Rg7 b4 39. Rxg5+ Kc4 40. Ke2 b3 41. axb3+ axb3 42. Kd2 Kxd4 43. Rb5 1-0

[Event "Early-Titled-Tuesday-Blitz-April-23-2024"]
[Site "Chess.com"]
[Date "2024.04.23"]
[Round "10"]
[White "Nikolakis2014"]
[Black "rezamahdavi2008"]
[Result "0-1"]
[WhiteElo "2751"]
[BlackElo "2917"]
[TimeControl "180+1"]
[EndTime "9:58:26 PDT"]
[Termination "rezamahdavi2008 won by resignation"]

1. Nf3 Nf6 2. c4 b6 3. g3 Bb7 4. Bg2 g6 5. d4 Bg7 6. O-O O-O 7. Qc2 c5 8. d5 b5 9. e4 bxc4 10. Nbd2 e6 11. dxe6 fxe6 12. Qxc4 Ba6 13. Qxc5 Bxf1 14. Bxf1 Nc6 15. Ba6 Nxe4 16. Nxe4 Rxf3 17. Bg5 Qb6 18.
Qxb6 axb6 19. Bb7 Ra4 20. Nd6 Bxb2 21. Rd1 Bd4 22. Kh1 Rxf2 23. Nb5 e5 24. a3 Rc4 25. Bc8 Rcc2 0-1

[Event "Early-Titled-Tuesday-Blitz-April-23-2024"]
[Site "Chess.com"]
[Date "2024.04.23"]
[Round "10"]
[White "RodTwinkz"]
[Black "giovannibrandao7"]
[Result "1-0"]
[WhiteElo "2699"]
[BlackElo "2363"]
[TimeControl "180+1"]
[EndTime "9:58:27 PDT"]
[Termination "RodTwinkz won by resignation"]

1. e4 c5 2. Nc3 d6 3. f4 Nc6 4. Nf3 e6 5. g3 g6 6. Bg2 Bg7 7.
O-O Nge7 8. d3 O-O 9. g4 d5 10. e5 d4 11. Ne4 Nd5 12. g5 Nce7 13. Nf6+ Kh8 14. Nh4 Bxf6 15. gxf6 Nf5 16. Nxf5 exf5 17. Qf3 Nc7 18. Qh3 Ne6 19. Rf3 Rg8 20. Qxh7+ 1-0

[Event "Early-Titled-Tuesday-Blitz-April-23-2024"]
[Site "Chess.com"]
[Date "2024.04.23"]
[Round "10"]
[White "Golubovsky"]
[Black "Iskusnyh"]
[Result "0-1"]
[WhiteElo "2522"]
[BlackElo "2645"]
[TimeControl "180+1"]
[EndTime "9:58:27 PDT"]
[Termination "Iskusnyh won by resignation"]

1. c4 c5 2. Nc3 g6 3. g3 Bg7 4.
Bg2 Nc6 5. Nf3 d6 6. a3 e6 7. Rb1 Nge7 8. b4 b6 9. O-O Bb7 10. Qc2 Qd7 11. d3 Rc8 12. Bd2 Nd4 13. Nxd4 cxd4 14.
Bxb7 Qxb7 15. Ne4 Qd7 16. Rfc1 f5 17. Ng5 O-O 18. Nf3 e5 19. e3 dxe3 20. Bxe3 f4 21. Bd2 fxg3 22. Qd1 gxf2+ 23. Kxf2 Qh3 0-1

[Event "Early-Titled-Tuesday-Blitz-April-23-2024"]
[Site "Chess.com"]
[Date "2024.04.23"]
[Round "10"]
[White "Rsnr"]
[Black "Shankland"]
[Result "0-1"]
[WhiteElo "2900"]
[BlackElo "3064"]
[TimeControl "180+1"]
[EndTime "9:58:29 PDT"]
[Termination "Shankland won by resignation"]

1. d4 d5 2. c4 c6 3. Nf3 Nf6 4. Qc2 dxc4 5. Qxc4 Bf5 6. g3 e6 7. Bg2 Be7 8. O-O O-O 9. Qb3 Qb6 10. Nbd2 Rd8 11.
Nc4 Qa6 12. Bf4 Be4 13. Nfe5 Bxg2 14. Kxg2 Nbd7 15. Rfd1 Nb6 16. Rac1 Rd5 17. a3 Rad8 18. Nxb6 axb6 19. e3 h6 20. h4 c5 21. dxc5 bxc5 22.
Rxd5 exd5 23. Nf3 Ne4 24. Rd1 Qe2 25. Rf1 Qxf3+ 0-1

[Event "Early-Titled-Tuesday-Blitz-April-23-2024"]
[Site "Chess.com"]
[Date "2024.04.23"]
[Round "10"]
[White "Zavgorodniy_Sergiy"]
[Black "RamonManon0g"]
[Result "1-0"]
[WhiteElo "2591"]
[BlackElo "2461"]
[TimeControl "180+1"]
[EndTime "9:58:35 PDT"]
[Termination "Zavgorodniy_Sergiy won by resignation"]

1. d4 Nf6 2. Nc3 d5 3. Bf4 c6 4. e3 g6 5. Nf3 Bg7 6. Bd3 O-O 7. O-O Qb6 8. Rb1 Na6 9. a3 Bd7 10. h3 c5 11. Be5 c4 12. Be2 Nc7 13. Re1 Qc6 14.
Bh2 Be6 15. Ne5 Qb6 16. Na4 Qa5 17. Nc5 Qb6 18. b3 Qc6 19. bxc4 dxc4 20. Bf3 Ncd5 21. e4 Nc3 22. Qd2 Nxb1 23. Rxb1 b6 24. Nxc6 bxc5 25.
d5 Bd7 26. Nxe7+ Kh8 27. e5 1-0

[Event "Early-Titled-Tuesday-Blitz-April-23-2024"]
[Site "Chess.com"]
[Date "2024.04.23"]
[Round "10"]
[White "Doublekk14"]
[Black "Happy1712Drummer"]
[Result "0-1"]
[WhiteElo "2377"]
[BlackElo "2507"]
[TimeControl "180+1"]
[EndTime "9:58:38 PDT"]
[Termination "Happy1712Drummer won on time"]

1. c4 c5 2. Nc3 Nc6 3. Nf3 g6 4. e3 Nf6 5. d4 cxd4 6. exd4 d5 7. Be2 Bg7 8. h3 O-O 9. O-O a6 10. Be3 dxc4 11. Bxc4 b5 12. Bb3 Bb7 13. Ne5 Rc8 14. a4 b4 15. Ne2 Na5 16. Ba2 Nd5 17. Bxd5 Qxd5 18. Nf4 Qb3 19. Qxb3 Nxb3 20. Nfd3 Rfd8 21. Nxb4 Nxa1 22. Rxa1 a5 23. Nbd3 Ba6 24. Nc5 Rxc5 25. dxc5 Bxe5 26. Rc1 Bxb2 27. Rc2 Be5 28. c6 Rc8 29.
Bb6 Bc7 30. Bc5 e6 0-1

[Event "Early-Titled-Tuesday-Blitz-April-23-2024"]
[Site "Chess.com"]
[Date "2024.04.23"]
[Round "10"]
[White "Schattman"]
[Black "hmatyi07"]
[Result "1/2-1/2"]
[WhiteElo "2448"]
[BlackElo "2308"]
[TimeControl "180+1"]
[EndTime "9:58:40 PDT"]
[Termination "Game drawn by repetition"]

1. e4 Nf6 2. e5 Nd5 3. d4 d6 4. Nf3 Nb6 5. Be2 g6 6. O-O Bg7 7. Nc3 O-O 8. h3 Bf5 9. Bg5 Nc6 10. exd6 cxd6 11. Re1 Qd7 12. Qd2 Rfe8 13. a3 a6 14. d5 Ne5 15. Nxe5 Bxe5 16. Be3 Qc7 17. Bd3 Bxd3 18.
cxd3 Bxc3 19. bxc3 Nxd5 20. Bd4 e5 21. c4 exd4 22. cxd5 Re5 23. Rac1 Qd7 24. Rxe5 dxe5 25. Qa5 Rc8 26. Rxc8+ Qxc8 27. d6 Qc1+ 28. Kh2 Qf4+ 29. Kg1 Qc1+ 30. Kh2 Qf4+ 31. Kh1 Qc1+ 32. Kh2 1/2-1/2

[Event "Early-Titled-Tuesday-Blitz-April-23-2024"]
[Site "Chess.com"]
[Date "2024.04.23"]
[Round "10"]
[White "C_K_G"]
[Black "UnTucopalaTimba"]
[Result "1-0"]
[WhiteElo "2288"]
[BlackElo "2020"]
[TimeControl "180+1"]
[EndTime "9:58:43 PDT"]
[Termination "C_K_G won by checkmate"]

1. e4 c6 2. Nf3 d5 3. exd5 cxd5 4. d4 Nc6 5. h3 Bf5 6. a3 Nf6 7. Bd3 Bxd3 8. Qxd3 e6 9. Nbd2 Bd6 10. O-O O-O 11. Re1 Qc7 12. c4 dxc4 13. Nxc4 Be7 14. Bg5 Rad8 15. Rac1 h6 16. Bh4 Nd5 17. Nce5 Bxh4 18.
Nxh4 Nxe5 19. dxe5 Qb6 20. Qd2 Rd7 21. Rc4 Rfd8 22.
Qe2 a6 23. Rg4 Qc5 24. g3 Rc8 25. Ng2 Qc2 26. Qf3 Qxb2 27. Nf4 Nxf4 28. Qxf4 Rc2 29. Qxh6 g6 30. Rh4 f5 31. Qh8+ Kf7 32. Rh7# 1-0

[Event "Early-Titled-Tuesday-Blitz-April-23-2024"]
[Site "Chess.com"]
[Date "2024.04.23"]
[Round "10"]
[White "McCarthyStone"]
[Black "ZachHKL"]
[Result "1-0"]
[WhiteElo "2412"]
[BlackElo "2284"]
[TimeControl "180+1"]
[EndTime "9:58:44 PDT"]
[Termination "McCarthyStone won by resignation"]

1. e4 c5 2. Nf3 d6 3. d4 cxd4 4. Nxd4 Nf6 5. Nc3 g6 6. f4 Nc6 7.
Nb3 Bg7 8. Be2 O-O 9. O-O a6 10. Be3 b5 11. Bf3 Bb7 12. Qe2 Qc7 13. g4 Nd7 14. Rad1 Rfe8 15. Nd5 Qc8 16. c3 Rb8 17. g5 e6 18. Nb6 Nxb6 19. Bxb6 b4 20. Rxd6 Ba8 21.
Bf2 bxc3 22. bxc3 Qc7 23. Rfd1 Red8 24. e5 Bf8 25. Rxd8 Nxd8 26. Bxa8 Rxa8 27. Qd3 Nc6 28. Qd7 Rc8 29. Kg2 Ne7 30. Qxc7 Rxc7 31. Rd8 Nd5 32.
Bc5 Ne7 33. Bd6 Rb7 34. Nc5 Ra7 35. Nd7 1-0

[Event "Early-Titled-Tuesday-Blitz-April-23-2024"]
[Site "Chess.com"]
[Date "2024.04.23"]
[Round "10"]
[White "HansOnTwitch"]
[Black "KuzubovYuriy"]
[Result "1-0"]
[WhiteElo "3225"]
[BlackElo "2931"]
[TimeControl "180+1"]
[EndTime "9:58:45 PDT"]
[Termination "HansOnTwitch won by resignation"]

1. e4 e5 2. Nf3 Nf6 3. Nxe5 d6 4.
Nc4 Nxe4 5. Qe2 Qe7 6. Nc3 Nxc3 7. bxc3 Nc6 8. d4 Qxe2+ 9. Bxe2 Be6 10. Ne3 Na5 11. c4 b6 12. Bd2 Nb7 13. Bf3 Rb8 14.
O-O Be7 15. Rfe1 Bf6 16. Bc6+ Kd8 17. Bc3 g6 18. Nd5 Bg7 19. Re2 Na5 20. Bxa5 bxa5 21. c3 Bf8 22. Rae1 Bh6 23. h4 g5 24. Rxe6 fxe6 25.
Rxe6 Bg7 26. Re7 Bh6 27. Rd7+ Ke8 28. Nf6+ Kf8 29. Bd5 1-0

[Event "Early-Titled-Tuesday-Blitz-April-23-2024"]
[Site "Chess.com"]
[Date "2024.04.23"]
[Round "10"]
[White "Heinza9"]
[Black "zverr1"]
[Result "1-0"]
[WhiteElo "2342"]
[BlackElo "2465"]
[TimeControl "180+1"]
[EndTime "9:58:52 PDT"]
[Termination "Heinza9 won on time"]

1. e4 d5 2. exd5 Qxd5 3. c4 Qd8 4. d4 Nf6 5. Nc3 g6 6. g3 Bg7 7. Bg2 O-O 8. Nge2 c6 9. O-O Be6 10. b3 Nbd7 11. h3 a5 12. Nf4 Bf5 13. g4 Be6 14. Nxe6 fxe6 15. f4 Rc8 16. Bb2 b5 17. Qe2 bxc4 18.
Qxe6+ Kh8 19. bxc4 Qb6 20. Rf2 Qxd4 21. Na4 Qa7 22.
Rd1 Nb6 23. Bd4 c5 24. Nxb6 1-0

[Event "Early-Titled-Tuesday-Blitz-April-23-2024"]
[Site "Chess.com"]
[Date "2024.04.23"]
[Round "10"]
[White "Baku_Boulevard"]
[Black "Matibar"]
[Result "1-0"]
[WhiteElo "3041"]
[BlackElo "2860"]
[TimeControl "180+1"]
[EndTime "9:58:53 PDT"]
[Termination "Baku_Boulevard won by resignation"]

1. e4 e5 2. Nf3 Nc6 3. Bc4 Nf6 4. d3 Be7 5. Nc3 d6 6. O-O Na5 7. Bb3 h6 8. Re1 O-O 9. d4 Nxb3 10. axb3 exd4 11. Nxd4 Re8 12. h3 Bf8 13. Bf4 c6 14.
Qd3 Be6 15. Qf3 Nd7 16. Qg3 Qf6 17. Rad1 Ne5 18. Bc1 Ng6 19. f4 Bd7 20. Nf3 d5 21. e5 Bc5+ 22. Kh2 Qe7 23. Na4 b6 24. Nxc5 bxc5 25. e6 Bxe6 26. f5 Qf6 27. fxe6 Rxe6 28. Rxe6 fxe6 29. Re1 Rf8 30. Be3 e5 31. Bxc5 Re8 32. Bd4 1-0

[Event "Early-Titled-Tuesday-Blitz-April-23-2024"]
[Site "Chess.com"]
[Date "2024.04.23"]
[Round "10"]
[White "LawrenceTrent"]
[Black "CristianS27"]
[Result "0-1"]
[WhiteElo "2708"]
[BlackElo "2584"]
[TimeControl "180+1"]
[EndTime "9:58:58 PDT"]
[Termination "CristianS27 won on time"]

1. d4 Nf6 2. Bg5 Ne4 3. Bf4 c5 4. f3 Qa5+ 5. c3 Nf6 6. d5 e6 7.
e4 exd5 8. exd5 d6 9. Na3 Be7 10. Nc4 Qd8 11. a4 O-O 12. Kf2 Nh5 13. Be3 f5 14. f4 Nf6 15. h3 Ne4+ 16. Kf3 Bh4 17. Ne2 Qe8 18. g3 Qh5+ 19. Kg2 Qg6 20. Qe1 Nd7 21.
Kh2 Be7 22. Bg2 Ndf6 23. Rd1 b6 24. Bf3 Ba6 25. b3 b5 0-1

[Event "Early-Titled-Tuesday-Blitz-April-23-2024"]
[Site "Chess.com"]
[Date "2024.04.23"]
[Round "10"]
[White "Korchmar_Vasiliy"]
[Black "Grandelicious"]
[Result "0-1"]
[WhiteElo "2709"]
[BlackElo "2898"]
[TimeControl "180+1"]
[EndTime "9:58:59 PDT"]
[Termination "Grandelicious won by resignation"]

1. d4 e6 2. c4 c5 3. e3 Nf6 4. Nf3 a6 5. Nc3 d5 6. a3 dxc4 7. Bxc4 b5 8. Bd3 cxd4 9. exd4 Bb7 10. O-O Be7 11. Be3 O-O 12. Qe2 Nc6 13. Rad1 Na5 14. Ne5 Rc8 15. f4 g6 16. Bb1 Nc4 17. Ba2 Nxe3 18.
Qxe3 Nd5 19. Nxd5 Bxd5 20. Bb1 Bf6 21. Nd3 Bb3 22. Nf2 Bxd1 23. Rxd1 Rc4 24. Kh1 Rxd4 25. Re1 Bg7 26. Bc2 Rd2 27. Bb3 Qd4 28. Qxd4 Bxd4 29. Ne4 Rxb2 30. Bd1 Rb1 31. h4 Rd8 32. h5 Bg7 33.
Nf2 gxh5 34. Kh2 a5 35. f5 exf5 36. Kg3 a4 37. Kf3 b4 38. axb4 a3 39. Ke2 Re8+ 40. Kf3 Rxe1 0-1

[Event "Early-Titled-Tuesday-Blitz-April-23-2024"]
[Site "Chess.com"]
[Date "2024.04.23"]
[Round "10"]
[White "N_I_Chess"]
[Black "ATM622"]
[Result "0-1"]
[WhiteElo "2376"]
[BlackElo "2506"]
[TimeControl "180+1"]
[EndTime "9:59:02 PDT"]
[Termination "ATM622 won on time"]

1. d4 Nf6 2. c4 e6 3. Nc3 Bb4 4.
Nf3 O-O 5. e3 b6 6. Bd3 Bb7 7.
Bd2 d6 8. O-O Nbd7 9. a3 Bxc3 10.
Bxc3 Ne4 11. Qc2 Ndf6 12. Be1 c5 13. Nd2 d5 14. Bxe4 Nxe4 15. Nxe4 dxe4 16. dxc5 bxc5 17. Bc3 Qd3 18. Rac1 Qxc4 19. Rfd1 Rfd8 20. h3 Rd3 21. b3 Qd5 22. b4 c4 23. Bd4 Rc8 24. Bxa7 c3 25.
Bd4 e5 26. Bc5 Bc6 27. Qe2 Ba4 28. Re1 Rd2 29. Qg4 Bd7 30. Qg3 c2 31. f3 Bc6 32.
fxe4 Qxe4 33. Rf1 Rxg2+ 34. Kh1 Rxg3+ 0-1

[Event "Early-Titled-Tuesday-Blitz-April-23-2024"]
[Site "Chess.com"]
[Date "2024.04.23"]
[Round "10"]
[White "ReadySkate"]
[Black "TanitoluwaAps116"]
[Result "1-0"]
[WhiteElo "2679"]
[BlackElo "2779"]
[TimeControl "180+1"]
[EndTime "9:59:06 PDT"]
[Termination "ReadySkate won on time"]

1. d4 Nf6 2. c4 e6 3. Nc3 Bb4 4. a3 Bxc3+ 5. bxc3 Nc6 6. f3 b6 7. e4 d6 8. Bd3 Na5 9. Ne2 Ba6 10. Ng3 Qd7 11. Bg5 Ng8 12. Qe2 Qa4 13. O-O Bxc4 14. f4 Bxd3 15. Qxd3 Qc4 16. Qf3 Nb3 17. f5 Nxa1 18.
fxe6 f6 19. e5 c6 20. exf6 Nxf6 21. Bxf6 O-O 22. Qg4 g6 23. e7 Rf7 24. Qd7 Nb3 25. e8=Q+ Rxe8 26. Qxe8+ Rf8 27. Qd7 Qf7 28. Qxd6 Nd2 29.
Rf2 Nc4 30. Qxc6 Ne3 31. Ne4 Ng4 32. Ng5 Qa2 33. Rxa2 1-0

[Event "Early-Titled-Tuesday-Blitz-April-23-2024"]
[Site "Chess.com"]
[Date "2024.04.23"]
[Round "10"]
[White "osielchesslover2011"]
[Black "Lupul_Cenusiu"]
[Result "0-1"]
[WhiteElo "2226"]
[BlackElo "2647"]
[TimeControl "180+1"]
[EndTime "9:59:07 PDT"]
[Termination "Lupul_Cenusiu won on time"]

1. e4 e6 2. d4 d5 3. Nd2 c5 4. Ngf3 Nf6 5. e5 Nfd7 6. c3 Nc6 7. Bd3 a6 8. O-O b5 9. Re1 Bb7 10. Nf1 Be7 11. Ng3 Rc8 12. a3 cxd4 13. cxd4 Nb6 14.
Nh5 g6 15. Ng3 h5 16. Be3 Na5 17. Ne2 Nac4 18. Bc1 Qc7 19. Nf4 Kd7 20. h4 b4 21. axb4 Bxb4 22. Re2 a5 23. Rc2 Bc6 24. b3 Bb5 25. bxc4 dxc4 26. Be4 Ba4 27. Ng5 Bxc2 28. Qxc2 Ke7 29. Ba3 Rhd8 30. Bxb4+ axb4 31. Bxg6 Rxd4 32. Bxf7 Rxf4 33. Nxe6 Qxe5 34. Nxf4 Qxa1+ 0-1

[Event "Early-Titled-Tuesday-Blitz-April-23-2024"]
[Site "Chess.com"]
[Date "2024.04.23"]
[Round "10"]
[White "Mikhail_Bryakin"]
[Black "bescmelasti"]
[Result "0-1"]
[WhiteElo "2818"]
[BlackElo "2624"]
[TimeControl "180+1"]
[EndTime "9:59:09 PDT"]
[Termination "bescmelasti won by resignation"]

1. e4 c5 2. d4 cxd4 3. Qxd4 Nc6 4. Qd3 Nf6 5. Nc3 g6 6. Nf3 Bg7 7. Be2 O-O 8. O-O b6 9. Bg5 Bb7 10. h3 d6 11. a3 Rc8 12. Rad1 h6 13. Bh4 Nh5 14. Qd2 g5 15. Nxg5 hxg5 16. Qxg5 Nf6 17. f4 Nh7 18. Qg4 Na5 19. Rd3 Kh8 20. Rg3 Rg8 21.
Qh5 Qf8 22. Bd3 Bd4+ 23. Kh2 Rxg3 24. Bxg3 Qg7 25. e5 Rg8 26. Ne2 Bxb2 27. c3 Bxc3 28. Bxh7 Qxh7 29. Qxh7+ Kxh7 30. Nxc3 Nc4 31. exd6 Nxd6 32.
Re1 Nf5 33. Ne2 e6 34. Rd1 Ba6 35. Nd4 Nxg3 36. Nf3 Nf5 37. Rd7 Rg7 38. Rxa7 Bc4 39. g4 Ne3 40. Ng5+ Kg6 41. Kg3 f6 42. Nf3 Nd5 43.
h4 Rxa7 0-1

[Event "Early-Titled-Tuesday-Blitz-April-23-2024"]
[Site "Chess.com"]
[Date "2024.04.23"]
[Round "10"]
[White "H3nriqueTV"]
[Black "LionelMessiFCB"]
[Result "0-1"]
[WhiteElo "2320"]
[BlackElo "2478"]
[TimeControl "180+1"]
[EndTime "9:59:12 PDT"]
[Termination "LionelMessiFCB won by resignation"]

1. e4 c5 2. Nf3 d6 3. d4 cxd4 4.
Nxd4 Nf6 5. Nc3 a6 6. Bc4 e6 7.
Bb3 Nbd7 8. O-O Nc5 9. Bg5 Be7 10.
Re1 h6 11. Bh4 Qc7 12. Bg3 Nfd7 13. Qh5 g6 14. Qg4 h5 15. Qd1 h4 16. Bf4 e5 17.
Nd5 Qd8 18. Be3 exd4 19. Bxd4 O-O 20. Qg4 Ne5 21. Qf4 Ne6 22. Qe3 Nxd4 23. Qxd4 Be6 24. f4 Nc6 25. Qf2 Bf6 26. f5 Bxd5 27. exd5 Bd4 28. f6 Qxf6 0-1

[Event "Early-Titled-Tuesday-Blitz-April-23-2024"]
[Site "Chess.com"]
[Date "2024.04.23"]
[Round "10"]
[White "dianamirza"]
[Black "esrosenberg"]
[Result "1-0"]
[WhiteElo "2019"]
[BlackElo "2303"]
[TimeControl "180+1"]
[EndTime "9:59:19 PDT"]
[Termination "dianamirza won by resignation"]

1. c4 e6 2. e4 d5 3. cxd5 exd5 4. e5 d4 5. Nf3 c5 6. Bc4 Nc6 7. O-O Qe7 8. d3 h6 9. Bf4 Be6 10. Bxe6 Qxe6 11. Nbd2 g5 12. Bg3 O-O-O 13. Ne4 Kb8 14. Rc1 b6 15. a3 Nge7 16. b4 cxb4 17. axb4 Nxb4 18. Nd6 Nec6 19. Qa4 Bxd6 20. exd6 Kb7 21. Nxd4 1-0

[Event "Early-Titled-Tuesday-Blitz-April-23-2024"]
[Site "Chess.com"]
[Date "2024.04.23"]
[Round "10"]
[White "Martial2008"]
[Black "Kotofeyca"]
[Result "1-0"]
[WhiteElo "2701"]
[BlackElo "2514"]
[TimeControl "180+1"]
[EndTime "9:59:20 PDT"]
[Termination "Martial2008 won by resignation"]

1. d4 d5 2. Nf3 c6 3. Bf4 Nf6 4. c4 a6 5. e3 Bg4 6. c5 Nh5 7. Be5 Nd7 8. h3 Nxe5 9. hxg4 Nxf3+ 10.
gxf3 Nf6 11. g5 Nd7 12. Nc3 e5 13. f4 exf4 14. exf4 g6 15. Bd3 Bg7 16. Ne2 Nf8 17.
Qd2 Ne6 18. Qe3 Qa5+ 19. Kf1 O-O-O 20. f5 gxf5 21. Bxf5 Rde8 22. Qc3 Qd8 23. f4 Kb8 24. Kf2 Nxf4 25. Nxf4 Qxg5 26. Qf3 Bxd4+ 27. Kf1 Qxf5 28. Rh5 Qc2 29. Rd1 Bxc5 30. Nd3 Bd6 31. Rg5 Re6 32.
Rg2 Qc4 33. Kg1 Qd4+ 34. Nf2 Rg6 35. Rxd4 1-0

[Event "Early-Titled-Tuesday-Blitz-April-23-2024"]
[Site "Chess.com"]
[Date "2024.04.23"]
[Round "10"]
[White "Navyblue1"]
[Black "Cipy77"]
[Result "0-1"]
[WhiteElo "2257"]
[BlackElo "2560"]
[TimeControl "180+1"]
[EndTime "9:59:28 PDT"]
[Termination "Cipy77 won by resignation"]

1. d4 Nf6 2. c4 c5 3. Nc3 cxd4 4. Qxd4 Nc6 5. Qd1 e5 6. e3 Bb4 7. Bd2 O-O 8. Qc2 d5 9. cxd5 Nxd5 10. Nf3 Be6 11. a3 Bxc3 12. Bxc3 Rc8 13. Rd1 Qf6 14. Bc4 Nxe3 15. fxe3 Bxc4 16. Qe4 Bb3 17. Rd2 Qg6 18. Qxg6 hxg6 19. O-O f6 20. Rd7 b6 21.
Rf2 Be6 22. Rd6 Bc4 23. Rfd2 g5 24. e4 Rfe8 25. Ne1 Be6 26. Nc2 Kf7 27. Ne3 Ke7 28. Nf5+ Bxf5 29. exf5 Red8 30. Re6+ Kf7 31. Rxd8 Nxd8 32.
Rd6 Ke8 33. Bb4 Rc1+ 34. Kf2 Rc2+ 35. Kf3 Rxb2 36. Rd3 Nc6 37. Bd6 Nd4+ 38. Ke4 Kd7 39. Kd5 Rb5+ 40. Kc4 Kxd6 41. Rxd4+ exd4 42. Kxb5 d3 0-1

[Event "Early-Titled-Tuesday-Blitz-April-23-2024"]
[Site "Chess.com"]
[Date "2024.04.23"]
[Round "10"]
[White "Bilan_Danila"]
[Black "Meri-Arabidze"]
[Result "0-1"]
[WhiteElo "2545"]
[BlackElo "2666"]
[TimeControl "180+1"]
[EndTime "9:59:35 PDT"]
[Termination "Meri-Arabidze won on time"]

1. d4 Nf6 2. Nf3 e6 3. g3 b6 4. Bg2 Bb7 5. O-O d5 6. c4 dxc4 7. Qa4+ Nbd7 8. Ne5 Bxg2 9. Kxg2 Bd6 10. Nc6 Qc8 11. Qxc4 O-O 12. Nc3 Qb7 13. f3 a6 14.
d5 b5 15. Qd3 exd5 16. Nd4 Ne5 17. Qc2 Rfe8 18. Bg5 Nc4 19. Nf5 Be5 20. b3 Na3 21. Qd3 b4 22. Na4 Bxa1 23. Rxa1 Qb5 24. Bxf6 Rxe2+ 0-1

[Event "Early-Titled-Tuesday-Blitz-April-23-2024"]
[Site "Chess.com"]
[Date "2024.04.23"]
[Round "10"]
[White "DonJuanEGenaro"]
[Black "KorolDimitriy75"]
[Result "0-1"]
[WhiteElo "2044"]
[BlackElo "2328"]
[TimeControl "180+1"]
[EndTime "9:59:35 PDT"]
[Termination "KorolDimitriy75 won by resignation"]

1. d4 Nf6 2. Nf3 g6 3. Bf4 c5 4. e3 Qb6 5. Nc3 d5 6. a3 cxd4 7. exd4 Bg7 8. Be5 O-O 9. Bxf6 exf6 10. Nxd5 Qxb2 11. Rb1 Qxa3 12. Qd2 Nc6 13. Bc4 Re8+ 14. Kf1 Be6 15. Ne3 Rad8 16. Bxe6 fxe6 17. Rxb7 Qa6+ 18. Qd3 Qxb7 19. g4 Ne5 0-1

[Event "Early-Titled-Tuesday-Blitz-April-23-2024"]
[Site "Chess.com"]
[Date "2024.04.23"]
[Round "10"]
[White "ChainedDowntohell"]
[Black "AlexTruskavetsky"]
[Result "0-1"]
[WhiteElo "2566"]
[BlackElo "2692"]
[TimeControl "180+1"]
[EndTime "9:59:37 PDT"]
[Termination "AlexTruskavetsky won by resignation"]

1. d4 Nf6 2. c4 e6 3. Nc3 d5 4. cxd5 exd5 5. Bg5 c6 6. e3 Be7 7. Bd3 O-O 8. Nf3 h6 9. Bf4 Bd6 10. Bxd6 Qxd6 11. h3 Nbd7 12. Qc2 Re8 13. O-O b6 14. Rfd1 Bb7 15. Rab1 Rac8 16. b4 Ba8 17. a4 c5 18. bxc5 bxc5 19. Nb5 Qb6 20. dxc5 Nxc5 21.
Bf5 Ne6 22. Qa2 a6 23. Nbd4 Qd6 24. a5 Rb8 25. Bd3 Nc5 26. Be2 Nfe4 27. Qa3 Qf6 28. Rbc1 Rbc8 29. Rc2 Nxf2 30. Kxf2 Ne4+ 31. Kg1 Rxc2 32.
Nxc2 Nc3 33. Rd2 Ne4 34. Rd4 Ng3 35. Qd3 Bb7 36. Qd2 Bc8 37. Bd3 Bxh3 38. Rf4 Bf5 39. Bxf5 Nxf5 40. Nfd4 Re5 41. Qd3 g6 42. Qxa6 Qxa6 0-1

[Event "Early-Titled-Tuesday-Blitz-April-23-2024"]
[Site "Chess.com"]
[Date "2024.04.23"]
[Round "10"]
[White "Antosha_Chekhonte"]
[Black "IM_ArthurDW08"]
[Result "0-1"]
[WhiteElo "2566"]
[BlackElo "2735"]
[TimeControl "180+1"]
[EndTime "9:59:40 PDT"]
[Termination "IM_ArthurDW08 won on time"]

1. e4 g6 2. d4 Bg7 3. Nf3 d6 4. Bc4 Nf6 5. Qe2 Nc6 6. e5 Nh5 7. c3 O-O 8. h3 d5 9. Bd3 f6 10. e6 Qd6 11. O-O Nf4 12. Bxf4 Qxf4 13. Re1 Nd8 14.
c4 Bxe6 15. Nc3 c6 16. cxd5 cxd5 17. Qc2 Qd6 18. Nb5 Qb6 19. Qc7 Rc8 20. Qxe7 Rf7 21.
Qe8+ Bf8 22. Rac1 Rxc1 23. Rxc1 Re7 24. Nc7 Rxe8 25. Nxe8 Kf7 26. Nc7 Nc6 0-1

[Event "Early-Titled-Tuesday-Blitz-April-23-2024"]
[Site "Chess.com"]
[Date "2024.04.23"]
[Round "10"]
[White "Zampronha1971"]
[Black "doctorcristian"]
[Result "0-1"]
[WhiteElo "2434"]
[BlackElo "2587"]
[TimeControl "180+1"]
[EndTime "9:59:41 PDT"]
[Termination "doctorcristian won by resignation"]

1. e4 c6 2. d4 d5 3. e5 Bf5 4. Nc3 e6 5. g4 Bg6 6. Nge2 Ne7 7. Nf4 h5 8. gxh5 Bf5 9. Bd3 Nd7 10. Bxf5 Nxf5 11.
Qd3 Qb6 12. Nce2 c5 13. c3 cxd4 14. cxd4 Bb4+ 15. Bd2 Nb8 16. O-O-O Nc6 17. Kb1 O-O-O 18. Be3 Kb8 19. Ng3 Nce7 20. Nxf5 Nxf5 21. Rc1 Be7 22. Rc2 Bg5 23. Ne2 Bh4 24. Nf4 Rc8 25. Rxc8+ Rxc8 26. Rc1 Rxc1+ 27. Kxc1 Qa5 28. a3 Qe1+ 29. Qd1 Bxf2 30.
Qxe1 Bxe1 31. Bg1 Bh4 32. Kc2 Kc7 33. Kd3 Bg5 34. Ne2 Kc6 35. b3 b5 36. Bf2 a6 37.
Be1 f6 38. exf6 gxf6 39. Bd2 Bxd2 40. Kxd2 e5 41. dxe5 fxe5 42. Ng3 Nh6 43. Ke3 Kd6 44. Kf3 Ke6 45. Ke3 Kf6 46. Kd3 Kg5 47. Ke3 Nf5+ 48.
Nxf5 Kxf5 49. h4 Kf6 50. Kf3 Kg7 51. Kg3 Kh6 52. Kg4 a5 53. Kf5 e4 54. Kg4 e3 55.
Kf3 d4 56. a4 bxa4 57. bxa4 Kxh5 58. Ke2 Kxh4 59. Kd3 Kg3 60. Kxd4 e2 0-1